 Dungeon Crawl Stone Soup version 0.19-a0-1886-gd64a0f0 (webtiles) character file.

114 PurpleRed the Conjurer (level 5, -4/28 HPs)
             Began as a Kobold Conjurer on Oct 15, 2016.
             Was an Initiate of Vehumet.
             Slain by an iguana (11 damage)
             ... on level 5 of the Dungeon.
             The game lasted 00:08:34 (926 turns).

PurpleRed the Conjurer (Kobold Conjurer)             Turns: 926, Time: 00:08:35

Health: -4/28      AC:  5    Str:  6    XL:     5   Next: 19%
Magic:  0/10       EV: 14    Int: 17    God:    Vehumet [......]
Gold:   116        SH:  0    Dex: 15    Spells: 3 memorised, 4 levels left

rFire  . . .     SeeInvis .     g - +0 dagger
rCold  . . .     Gourm    .     k - +2 leather armour "Ciogom" {Stlth+}
rNeg   . . .     Faith    .     (shield restricted)
rPois  .         Spirit   .     (no helmet)
rElec  .         Dismiss  .     (no cloak)
rCorr  .         Reflect  .     (no gloves)
MR     .....     Harm     .     (no boots)
Stlth  +++.......               (no amulet)
                                (no ring)
                                (no ring)

@: very slightly contaminated
A: carnivore 3
a: Renounce Religion


You were on level 5 of the Dungeon.
You worshipped Vehumet.
Vehumet was noncommittal.
You were not hungry.

You visited 2 branches of the dungeon, and saw 6 of its levels.

You collected 116 gold pieces.

Inventory:

Hand Weapons
 e - a +0 mace
 g - a +0 dagger (weapon)
Armour
 a - a +1 robe
 k - the +2 leather armour "Ciogom" (worn) {Stlth+}
   (You found it on level 4 of the Dungeon)

   It makes you more stealthy.
Potions
 d - a potion of curing
 h - 5 potions of flight
 i - a potion of heal wounds
 l - a potion of haste {unknown}
Books
 b - a book of Conjurations

   Spells                             Type                      Level
   a - Magic Dart                     Conjuration                  1
   b - Searing Ray                    Conjuration                  2
   c - Dazzling Spray                 Conjuration/Hexes            3
   d - Fulminant Prism                Conjuration/Hexes            4
   e - Iskenderun's Mystic Blast      Conjuration                  4
   f - Iskenderun's Battlesphere      Conjuration/Charms           5
Comestibles
 c - 2 meat rations
 j - a beef jerky


   Skills:
 - Level 2.4 Dodging
 - Level 2.6 Stealth
 + Level 3.8 Spellcasting
 + Level 5.2 Conjurations


You had 4 spell levels left.
You knew the following spells:

 Your Spells              Type           Power        Failure   Level  Hunger
a - Magic Dart            Conj           ###.         3%          1    None
b - Searing Ray           Conj           ###...       6%          2    ##.....
c - Iskenderun's Mystic   Conj           ###.....     30%         4    ####...


Dungeon Overview and Level Annotations

Branches:
Dungeon (5/15)             Temple (1/1) D:4

Altars:
Ashenzari
Cheibriados
Dithmenos
Elyvilon
Fedhas
Gozag
Hepliaklqana
Kikubaaqudgha
Makhleb
Nemelex Xobeh
Okawaru
Ru
Trog
Uskayaw
Vehumet
Xom
Yredelemnul
The Shining One

Annotations:
D:5 Grinder


Innate Abilities, Weirdness & Mutations

You are small and have problems with some larger weapons.
You are carnivorous and can eat meat at any time.


Message History

Aiming: Searing Ray
Press: ? - help, Shift-Dir - straight line, f/p - iguana
Aim: an iguana (severely wounded)
The searing ray hits the iguana.
The iguana is severely wounded.
The iguana barely misses you.
The searing ray hits the iguana.
The iguana is almost dead.
The frilled lizard misses you. The iguana bites you!
The searing ray misses the iguana.
The frilled lizard bites you.
* * * LOW HITPOINT WARNING * * *
The iguana misses you.
You miss the frilled lizard.
The frilled lizard bites you but does no damage.
The iguana misses you.
You closely miss the frilled lizard. The frilled lizard barely misses you.
The iguana closely misses you.
You miss the frilled lizard. The frilled lizard closely misses you.
The iguana bites you!
You die...

#......# ######
#......# ......
#....!.. .....5
#......# ....Z.
#......# ##....
#......# #...
#...$..###l#
#########...l@#
##..........####
##............##
#..............#
#..............#
#..............#
#.....†.........#
#.................
##......<..........


You could see an iguana and a frilled lizard.

Vanquished Creatures
  Jessica (D:2)
  A worker ant (D:4)
  3 adders
  An ooze (D:4)
  A worm (D:2)
  2 dart slugs
  2 giant cockroaches
  2 goblins
  3 hobgoblins
  A jackal (D:1)
  A kobold (D:1)
  2 quokkas
  4 bats
  2 frilled lizards (D:1)
  3 rats
29 creatures vanquished.

Notes
Turn   | Place    | Note
-------+----------+-------------------------------------------
     0 | D:1      | PurpleRed the Kobold Conjurer began the quest for the Orb.
     0 | D:1      | Reached XP level 1. HP: 10/10 MP: 3/3
   180 | D:1      | Reached XP level 2. HP: 9/15 MP: 2/5
   184 | D:1      | Learned a level 2 spell: Searing Ray
   300 | D:2      | Found a burning altar of Makhleb.
   341 | D:3      | Noticed an ogre
   349 | D:3      | Reached XP level 3. HP: 14/19 MP: 2/7
   511 | D:3      | Reached XP level 4. HP: 16/24 MP: 3/8
   564 | D:3      | Found a white marble altar of Elyvilon.
   582 | D:2      | Noticed Jessica
   584 | D:2      | HP: 1/24 [Jessica/nerve-wracking pain (10)]
   585 | D:2      | Killed Jessica
   585 | D:2      | Reached skill level 5 in Conjurations
   658 | D:4      | Got an ichor-stained leather armour
   669 | D:4      | Identified the +2 leather armour "Ciogom" {Stlth+} (You found it on level 4 of the Dungeon)
   726 | D:4      | Reached XP level 5. HP: 14/28 MP: 3/10
   732 | D:4      | Learned a level 4 spell: Iskenderun's Mystic Blast
   747 | D:4      | Found a staircase to the Ecumenical Temple.
   756 | Temple   | Entered the Ecumenical Temple
   791 | Temple   | Became a worshipper of Vehumet
   861 | D:5      | Entered Level 5 of the Dungeon
   915 | D:5      | Noticed Grinder
   926 | D:5      | Slain by an iguana

Vault maps used:
D:1:      elethiomel_arrival_infinity_welcomes_careful_drivers
D:2:      first_bread, grunt_ministairs_15, makhleb_heckhound_becter,
          uniq_jessica
D:3:      minivault_4, elyvilon_altar_4
D:5:      corexii_shantytown, uniq_menkaure, uniq_grinder, uniq_eustachio
Temple:   kilobyte_greek_temple

Skill      XL: |  1  2  3  4 |
---------------+-------------+-----
Spellcasting   | 3 |  3.8
Conjurations   | 5 |  5.2
Dodging        | |  2.4
Stealth        | |  2.6

Action                   |  1- 3 |  4- 6 || total
-------------------------+-------+-------++-------
Melee: Dagger            |    20 |    20 ||    40
       Mace              |     1 |       ||     1
 Cast: Magic Dart        |    19 |    12 ||    31
       Searing Ray       |     4 |     4 ||     8
  Use: Scroll            |     3 |     4 ||     7
       Potion            |     3 |     2 ||     5
 Stab: Sleeping          |     3 |     1 ||     4
  Eat: Chunk             |     2 |       ||     2
Armor: Robe              |     6 |       ||     6
       Leather armour    |       |     3 ||     3
Dodge: Dodged            |    44 |    30 ||    74
